Map: Sludge City

Players

Bankorok - Winner!

  • Race: Protoss Protoss
  • League: Diamond
  • Spawn Location: 9:00

DevilDog - Winner!

  • Race: Protoss Protoss
  • League: Diamond
  • Spawn Location: 11:00

KatoCorp

  • Race: Terran Terran
  • Spawn Location: 5:00

Tenonee

  • Race: Zerg Zerg
  • League: Diamond
  • Spawn Location: 5:00

VOD

Have the link to the VOD?

Description

Time

  • Played on: July 29, 2016, 9:57 a.m.
  • Length: 8:11
Show
View Real Time Build Order
Export as new Build Order

Bankorok Protoss - Winner!

Build Orders:  

Get SALT Encoding   

  12  0:01  Probe (Chrono Boost)  
  13  0:11  Probe (Chrono Boost)  
  14  0:19  Pylon  
  14  0:22  Probe (Chrono Boost)  
  15  0:37  Probe (Chrono Boost)  
  15  0:38  Gateway  
  16  0:47  Probe (Chrono Boost)  
  16  0:48  Assimilator  
  17  0:52  Assimilator  
  17  0:58  Probe (Chrono Boost)  
  18  1:06  Forge  
  18  1:11  Probe (Chrono Boost)  
  19  1:25  Cybernetics Core  
  19  1:28  Probe (Chrono Boost)  
  20  1:42  Probe (Chrono Boost)  
  21  1:53  Probe (Chrono Boost)  
  22  1:59  Nexus  
  22  2:12  Warp Gate  
  22  2:13  Pylon  
  22  2:27  Robotics Facility  
  22  2:33  Adept  
  24  2:41  Probe (Chrono Boost)  
  25  3:06  Protoss Ground Weapons Level 1  
  25  3:18  Probe (Chrono Boost)  
  25  3:19  Robotics Facility  
  26  3:36  Pylon  
  26  3:39  Pylon  
  26  3:40  Gateway  
  26  3:42  Gateway  
  26  3:44  Pylon  
  24  3:51  Photon Cannon  
  24  3:53  Photon Cannon  
  26  4:04  Mothership Core (Chrono Boost)  
  26  4:08  Photon Cannon  
  25  4:18  Adept  
  25  4:36  Gateway  
  25  4:39  Gateway  
  25  4:43  Gateway  
  25  4:44  Adept  
  27  4:49  Adept  
  29  4:59  Adept  
  31  5:09  Adept  
  34  5:15  Probe (Chrono Boost)  
  34  5:17  Pylon  
  34  5:18  Gateway  
  34  5:22  Adept  
  34  5:24  Adept  
  34  5:27  Protoss Shields Level 1  
  38  5:29  Warp Prism  
  40  5:49  Probe (Chrono Boost)  
  41  5:56  Probe (Chrono Boost), Sentry  
  44  5:57  Sentry x2  
  44  5:59  Sentry  
  50  6:06  Pylon  
  50  6:08  Probe (Chrono Boost)  
  51  6:11  Pylon  
  51  6:25  Adept x3  
  55  6:28  Adept  
  59  7:03  Adept x2  
  59  7:04  Adept x4  
  59  7:05  Adept  
  59  7:37  Stalker  
  59  7:38  Stalker x4  
  59  7:39  Stalker x2  
  51  8:05  Stalker x5  
  59  8:06  Stalker  
Show
View Real Time Build Order
Export as new Build Order

DevilDog Protoss - Winner!

Build Orders:  

Get SALT Encoding   

  12  0:01  Probe (Chrono Boost)  
  13  0:11  Probe (Chrono Boost)  
  14  0:19  Pylon  
  14  0:23  Probe (Chrono Boost)  
  15  0:38  Gateway  
  15  0:40  Probe (Chrono Boost)  
  16  0:50  Assimilator  
  16  0:51  Probe (Chrono Boost)  
  17  1:01  Probe (Chrono Boost)  
  17  1:02  Assimilator  
  18  1:12  Probe (Chrono Boost)  
  18  1:16  Pylon  
  19  1:22  Probe (Chrono Boost)  
  20  1:32  Cybernetics Core  
  20  1:33  Probe (Chrono Boost)  
  21  1:43  Probe (Chrono Boost)  
  23  1:54  Probe (Chrono Boost)  
  23  2:04  Probe (Chrono Boost)  
  23  2:12  Warp Gate  
  23  2:20  Nexus  
  23  2:25  Adept  
  25  2:38  Gateway  
  26  2:44  Probe (Chrono Boost)  
  26  2:52  Adept  
  26  2:56  Probe (Chrono Boost)  
  29  3:01  Gateway  
  29  3:07  Pylon  
  29  3:21  Robotics Facility  
  29  3:30  Pylon  
  29  3:32  Probe x2 (Chrono Boost)  
  31  3:37  Sentry  
  31  3:40  Sentry  
  35  3:56  Adept  
  35  4:00  Gateway  
  35  4:01  Probe x2 (Chrono Boost)  
  39  4:10  Adept  
  43  4:23  Immortal  
  39  4:30  Mothership Core (Chrono Boost)  
  43  4:40  Adept x2  
  43  4:42  Probe (Chrono Boost)  
  43  4:44  Assimilator  
  48  4:50  Probe (Chrono Boost)  
  43  4:55  Adept  
  43  4:57  Immortal  
  43  5:08  Stalker  
  43  5:09  Stalker  
  47  5:15  Probe (Chrono Boost), Gateway  
  47  5:16  Probe (Chrono Boost)  
  49  5:23  Adept x2  
  54  5:29  Probe (Chrono Boost)  
  54  5:31  Warp Prism  
  54  5:33  Probe (Chrono Boost), Pylon, Assimilator  
  55  5:40  Stalker x2  
  55  5:41  Probe (Chrono Boost)  
  62  5:44  Pylon  
  62  5:59  Forge  
  62  6:02  Pylon  
  62  6:04  Stalker  
  62  6:06  Pylon  
  62  6:10  Probe (Chrono Boost)  
  66  6:11  Probe (Chrono Boost)  
  66  6:13  Stalker  
  66  6:17  Sentry x3  
  74  6:23  Probe (Chrono Boost)  
  75  6:38  Adept x2  
  79  6:59  Adept x3  
  85  7:08  Gateway  
  85  7:09  Gateway  
  85  7:10  Stalker x2  
  85  7:11  Gateway  
  89  7:25  Stalker x2  
  93  7:36  Stalker x3  
  85  8:03  Adept x4  
  85  8:04  Adept  
Show
View Real Time Build Order
Export as new Build Order

KatoCorp Terran 

Build Orders: MMM Bio 

Get SALT Encoding   

  12  0:01  SCV  
  13  0:14  SCV  
  14  0:17  Supply Depot  
  14  0:26  SCV  
  15  0:39  SCV  
  15  0:41  Barracks  
  16  0:50  Supply Depot  
  16  0:51  SCV  
  17  1:03  Refinery, SCV  
  18  1:15  SCV  
  19  1:29  Marine, SCV  
  21  1:37  Refinery  
  21  1:42  Barracks  
  21  1:49  Orbital Command  
  21  1:51  Marine  
  22  2:08  Marine  
  22  2:15  SCV  
  24  2:24  Factory  
  24  2:26  Marine  
  24  2:27  SCV  
  24  2:29  Barracks Tech Lab  
  26  2:33  Engineering Bay  
  26  2:39  SCV  
  27  2:44  Supply Depot, Marine  
  27  2:47  Marine, Stimpack  
  29  2:51  SCV  
  30  3:15  Command Center  
  30  3:16  Marauder  
  32  3:20  Widow Mine  
  32  3:25  Marine  
  35  3:35  Starport  
  35  3:40  Missile Turret, SCV  
  36  3:45  Marine  
  37  3:59  Marine  
  37  4:01  SCV  
  39  4:12  Supply Depot x2  
  39  4:13  Supply Depot  
  39  4:25  Marine  
  39  4:27  Marine  
  36  4:43  Marine  
  36  4:44  Marine  
  37  5:01  Marine  
  37  5:02  Marine  
  34  5:11  Factory Tech Lab  
  34  5:17  Orbital Command  
  34  5:18  SCV  
  34  5:19  Marine  
  34  5:20  Marine  
  37  5:23  Starport Reactor  
  37  5:31  SCV  
  37  5:33  Barracks  
  37  5:34  Combat Shields, Barracks  
  38  5:37  Marine  
  38  5:38  Marine  
  38  5:40  Siege Tank  
  43  5:43  SCV x2  
  43  5:45  Refinery  
  43  5:47  Refinery  
  45  5:54  Marine  
  45  5:56  Marine  
  47  6:01  Medivac  
  52  6:11  Medivac  
  52  6:12  Siege Tank  
  52  6:13  Marauder  
  52  6:17  SCV  
  57  6:19  SCV  
  57  6:23  Barracks Reactor  
  57  6:24  Barracks Reactor x2  
  58  6:29  SCV  
  58  6:31  Medivac  
  61  6:39  Marine  
  62  6:41  Medivac  
  62  6:44  Siege Tank  
  65  6:57  Marine  
  66  7:01  Marine  
  66  7:02  Marine x5  
  66  7:07  SCV x2  
  74  7:15  Marine  
  75  7:16  Medivac  
  75  7:19  SCV  
  78  7:22  Marine  
  78  7:32  SCV, Marine x4, Medivac  
  78  7:33  Marine  
  71  7:37  Marine  
  71  7:40  Marine  
  69  7:49  Marine  
  69  7:50  Marine x3  
  69  7:51  Marine  
Show
View Real Time Build Order
Export as new Build Order

Tenonee Zerg 

Build Orders: Hatch First 

Get SALT Encoding   

  12  0:01  Drone  
  13  0:13  Overlord  
  13  0:19  Drone  
  14  0:36  Drone x3  
  17  0:48  Drone  
  18  1:01  Hatchery  
  17  1:05  Drone  
  18  1:11  Extractor  
  17  1:27  Spawning Pool  
  17  1:30  Drone  
  17  1:31  Drone x2  
  19  1:45  Overlord  
  19  2:00  Drone  
  20  2:15  Metabolic Boost  
  20  2:17  Queen x2  
  24  2:31  Drone x3  
  24  2:35  Drone x2  
  29  2:58  Queen  
  31  3:10  Zergling x2  
  31  3:11  Zergling x10  
  36  3:21  Overlord  
  36  3:31  Overlord  
  35  3:59  Zergling x12  
  35  4:00  Zergling x6  
  40  4:31  Zergling x2  
  40  4:32  Zergling x14  
  48  4:38  Drone, Roach Warren  
  48  4:39  Drone x3  
  48  4:44  Hatchery  
  43  5:01  Extractor  
  43  5:02  Extractor  
  43  5:03  Drone x4  
  43  5:20  Roach Warren, Lair  
  42  5:21  Extractor  
  42  5:28  Drone x5  
  45  5:29  Drone  
  45  5:32  Drone x3  
  45  5:33  Drone  
  51  5:48  Overlord x2  
  51  5:49  Overlord  
  51  5:54  Overlord x2  
  51  5:55  Queen, Overlord  
  53  6:14  Evolution Chamber  
  53  6:15  Evolution Chamber  
  53  6:17  Glial Reconstitution  
  51  6:23  Hydralisk Den  
  50  6:26  Drone x8  
  50  6:27  Drone x3  
  60  6:43  Roach x7  
  72  6:55  Hydralisk x5  
  81  7:12  Hydralisk x3  
  87  7:17  Overlord  
  87  7:18  Overlord x2  
  87  7:19  Hydralisk  
  87  7:36  Hydralisk x3, Roach x2  
  87  7:37  Roach x2  
  81  7:47  Hydralisk  
  81  7:48  Roach x2  
Tags
 
Add a new tag
Caveats
  • Supply blocks, unpowered buildings, or Contaminate may cause inaccurate times.
  • Supply counts are checked every 10 seconds.